 Dungeon Crawl Stone Soup version 0.26-a0-812-g31a745ddcd (webtiles) character file.

Game seed: 12592830691911618552

382 Dracia the Insei (level 6, -9/43 HPs)
             Began as a Merfolk Transmuter on Nov 30, 2020.
             Mangled by Duvessa
             ... wielding a +1 short sword of holy wrath
              (11 damage)
             ... on level 4 of the Dungeon.
             The game lasted 00:07:50 (5646 turns).

Dracia the Insei (Merfolk Transmuter)               Turns: 5646, Time: 00:07:51

Health: -9/43      AC:  7    Str:  8      XL:     6   Next: 76%
Magic:  7/9        EV: 13    Int: 13 (14) God:
Gold:   108        SH:  0    Dex: 15      Spells: 3/9 levels left

rFire    . . .     SeeInvis .     - Unarmed
rCold    + . .     Faith    .   (no shield)
rNeg     + . .     Spirit   .   l - +2 robe {rN+}
rPois    .         Reflect  .   o - +0 helmet
rElec    .         Harm     .   n - +1 cloak
rCorr    .         Rampage  .   (no gloves)
MR       .....                  (no boots)
Stlth    +.........             (no amulet)
HPRegen  0.14/turn              (no ring)
MPRegen  0.11/turn              (no ring)

@: no status effects
A: change form in water, swift swim, stealthy swim, cold resistance 1, weak 1
a: no special abilities


You were on level 4 of the Dungeon.
You visited 1 branch of the dungeon, and saw 4 of its levels.

You collected 108 gold pieces.


Innate Abilities, Weirdness & Mutations

You revert to your normal form in water.
You are very nimble and swift while swimming.
You are very stealthy in the water. (Stealth+)
Your flesh is cold resistant. (rC+)
You are weak. (Str -2)


   Skills:
 - Level 1.1 Fighting
 - Level 2.6 Dodging
 - Level 7.0 Unarmed Combat
 - Level 2.0 Spellcasting
 + Level 4.2 Transmutations
 * Level 2.6 Poison Magic


You had 3 spell levels left.
You knew the following spells:

 Your Spells              Type           Power        Failure   Level
a - Beastly Appendage     Tmut           ##....       4%          1
b - Wereblood             Tmut           ##......     7%          2
c - Spider Form           Tmut/Pois      ##........   19%         3

Your spell library contained the following spells:

 Spells                   Type           Power        Failure   Level
 Ice Form                 Ice/Tmut       #.......     71%         4
 Blade Hands              Tmut           ##........   77%         5

Inventory:

Missiles
 k - a throwing net {=f}
Armour
 a - a +0 robe
 l - a +2 robe of positive energy (worn)
 n - a +1 cloak (worn)
 o - a +0 helmet (worn)
Scrolls
 b - a scroll of enchant weapon {unknown}
 c - a scroll of remove curse {@r2}
 m - a scroll of identify {@r1}
 p - 2 scrolls of teleportation {@r4}
Potions
 d - a potion of ambrosia
 e - a potion of heal wounds {@q2}
 h - a potion of flight

Dungeon Overview and Level Annotations

Branches:
Dungeon (4/15)
 Temple: D:4-7

Altars:

Annotations:
D:4 Duvessa

#.....# #.....# #.....# #
#.....######### .#
#.............# #####.#
#..(..........####....$###
#........................#
#........................#
#..........@e............#
#...........)............#
####...........#'##'##'#..
#.######...........#.# ... #
...................+..
.......>
#.###.....##......#..........
#รท#.#.##......###.#.#...
#.#...##......# ......# #
#.#....# #####..##.#


You could see Duvessa (berserk, fast, very poisoned).


Message History

Duvessa is heavily wounded.
Duvessa hits you with a +1 short sword of holy wrath!
Dowan misses you.
You hit Dowan but do no damage.
Dowan looks as sick as possible!
Dowan is heavily wounded.
Duvessa hits you with a +1 short sword of holy wrath!
* * * LOW HITPOINT WARNING * * *
Dowan misses you.
You hit Duvessa.
Duvessa is severely wounded.
Duvessa barely misses you.
Duvessa hits you with a +1 short sword of holy wrath.
* * * LOW HITPOINT WARNING * * *
Unknown command.
Dowan misses you.
Dowan mumbles some strange words.
Dowan blinks!
Duvessa completely misses you.
You kill Dowan!
Duvessa screams in rage.
Duvessa goes berserk!
You feel your strength returning.
Your transformation has ended.
Your +1 cloak unmelds from your body.
Your +0 helmet unmelds from your body.
Your +2 robe of positive energy unmelds from your body.
You feel more protected from negative energy.
Duvessa barely misses you.
Duvessa hits you with a +1 short sword of holy wrath!
* * * LOW HITPOINT WARNING * * *
Duvessa hits you with a +1 short sword of holy wrath!
You die...

Skill      XL: |  1  2  3  4  5  6 |
---------------+-------------------+-----
Unarmed Combat | 4 5 6 7 |  7.0
Transmutations | 3 4 |  4.2
Poison Magic   | 2 |  2.6
Fighting       | |  1.1
Dodging        | |  2.6
Spellcasting   | |  2.0

Action                   |  1- 3 |  4- 6 || total
-------------------------+-------+-------++-------
Melee: Unarmed           |   141 |   183 ||   324
       Headbutt          |    10 |    13 ||    23
       Punch             |     1 |     3 ||     4
 Cast: Beastly Appendage |    29 |    25 ||    54
       Spider Form       |     1 |     1 ||     2
       Wereblood         |       |     5 ||     5
  Use: Potion            |       |     9 ||     9
       Scroll            |       |     4 ||     4
 Stab: Sleeping          |     1 |       ||     1
Armor: Robe              |    13 |    40 ||    53
Dodge: Dodged            |    95 |   147 ||   242

Levels and vault maps discovered:
D:1:      arrival_zaba_pyramid, layout_loops_ring
D:2:      layout_loops_corners, chequers_ecumenical_altar_simple, serial_forest,
          infiniplex_forest_end_2, infiniplex_forest_zigzag_1,
          infiniplex_forest_straight_2, infiniplex_forest_fountain,
          infiniplex_forest_straight_4, infiniplex_forest_lined_room_2,
          infiniplex_forest_join, minmay_misc_feat_x, uniq_crazy_yiuf_cottage
D:3:      layout_loops_ring, uniq_robin
D:4:      layout_basic, gammafunk_ghost_stat_death, uniq_eustachio,
          uniq_duvessa, uniq_natasha

Notes
Turn   | Place    | Note
-------+----------+-------------------------------------------
     0 | D:1      | Dracia the Merfolk Transmuter began the quest for the Orb.
     0 | D:1      | Reached XP level 1. HP: 15/15 MP: 3/3
   423 | D:1      | Reached XP level 2. HP: 12/21 MP: 3/5
   652 | D:1      | Reached skill level 4 in Unarmed Combat
   962 | D:1      | Learned a level 2 spell: Wereblood
  1371 | D:2      | Reached XP level 3. HP: 23/26 MP: 4/6
  1980 | D:2      | Reached skill level 5 in Unarmed Combat
  2087 | D:2      | Found a faded altar of an unknown god.
  2588 | D:2      | Found a runed translucent door.
  2589 | D:2      | Noticed Crazy Yiuf
  2982 | D:2      | Learned a level 3 spell: Spider Form
  3048 | D:2      | HP: 2/26 [Crazy Yiuf/+2 quarterstaff of chaos (8)]
  3051 | D:2      | Killed Crazy Yiuf
  3051 | D:2      | Reached XP level 4. HP: 1/32 MP: 3/7
  3421 | D:3      | Noticed Robin
  3429 | D:3      | Killed Robin
  3506 | D:3      | Reached skill level 6 in Unarmed Combat
  3510 | D:3      | Reached XP level 5. HP: 36/37 MP: 5/8
  4147 | D:3      | Reached skill level 7 in Unarmed Combat
  4151 | D:3      | Reached skill level 3 in Transmutations
  4363 | D:3      | Reached XP level 6. HP: 43/43 MP: 7/9
  4714 | D:3      | Gained mutation: You are weak. (Str -2) [potion of
                  | mutation]
  4714 | D:3      | Gained mutation: Your flesh is cold resistant. (rC+)
                  | [potion of mutation]
  4993 | D:4      | Noticed Duvessa
  4993 | D:4      | Noticed Dowan
  5008 | D:3      | Reached skill level 1 in Poison Magic
  5128 | D:3      | HP: 4/43 [gnoll/+1 vorpal flail (4)]
  5392 | D:4      | Reached skill level 4 in Transmutations
  5392 | D:4      | Reached skill level 2 in Poison Magic
  5642 | D:4      | Killed Dowan
  5645 | D:4      | HP: 2/43 [Duvessa/+1 short sword of holy wrath (14)]
  5646 | D:4      | Mangled by Duvessa

Vanquished Creatures
  Dowan (D:4)
  A hound (D:3)
  An orc priest (D:3)
  Crazy Yiuf (D:2)
  An iguana (D:4)
  Robin (D:3)
  9 gnolls (D:3)
  3 adders
  4 dart slugs (D:2)
  2 leopard geckos
  4 orcs (D:3)
  5 giant cockroaches
  15 goblins
  7 hobgoblins
  10 jackals
  2 quokkas
  A ball python (D:2)
  4 bats
  2 frilled lizards
  12 kobolds
  A leopard gecko skeleton (D:2)
  2 rats (D:3)
89 creatures vanquished.

Table legend: (Time is in decaauts)
 A = Elapsed time spent in this place.
 B = Non-inter-level travel time spent in this place.
 C = Inter-level travel time spent in this place.
 D = Time resting spent in this place.
 E = Time spent auto-exploring this place.
 F = Levels seen in this place.
 G = Mean time per level.
                   A        B        C        D        E       F      G
               +--------+--------+--------+--------+--------+-----+--------+
         Total |   5594 |   5422 |    172 |   1165 |   3592 |   4 | 1398.5 |
       Dungeon |   5594 |   5422 |    172 |   1165 |   3592 |   4 | 1398.5 |
               +--------+--------+--------+--------+--------+-----+--------+

Top non-repeatable levels by time:
     D:2: 2435 daAuts
     D:3: 1914 daAuts
     D:1: 965 daAuts
     D:4: 279 daAuts

Table legend:
 A = Non-vault XP
 B = Vault XP
 C = Vault XP percentage of total XP
 D = Non-vault monster count
 E = Vault monster count
 F = Vault count percentage of total count
                 A         B        C        D         E       F
            +---------+---------+-------+---------+---------+-------
      Total |     413 |     134 |  24.5 |      78 |      11 |  12.4
            +---------+---------+-------+---------+---------+-------
        D:1 |      16 |       0 |   0.0 |      10 |       0 |   0.0
        D:2 |      64 |      39 |  37.9 |      25 |       1 |   3.8
        D:3 |     295 |      29 |   9.0 |      41 |       9 |  18.0
        D:4 |      38 |      66 |  63.5 |       2 |       1 |  33.3
            +---------+---------+-------+---------+---------+-------
